 Dungeon Crawl Stone Soup version 0.26.1-11-gd32895ea62 (webtiles) character file.

Game seed: 294729809132680786

155 Zeld the Sneak (level 5, 0/34 HPs)
             Began as an Octopode Brigand on May 12, 2021.
             Slain by Grinder (2 damage)
             ... while paralysed by Grinder
             ... on level 3 of the Dungeon.
             The game lasted 00:03:29 (3691 turns).

Zeld the Sneak (Octopode Brigand)                   Turns: 3691, Time: 00:03:29

Health: 0/34       AC:  1    Str: 11    XL:     5   Next: 37%
Magic:  5/5        EV:  2    Int: 14    God:
Gold:   128        SH:  0    Dex: 13    Spells: 4/4 levels left

rFire    . . .     SeeInvis .   a - +2 dagger
rCold    . . .     Faith    .   (no shield)
rNeg     . . .     Spirit   .   (helmet restricted)
rPois    .         Reflect  .   (no amulet)
rElec    .         Harm     .   (no ring)
rCorr    .         Rampage  .   (no ring)
Will     .....                  (no ring)
Stlth    ++++......             (no ring)
HPRegen  0.11/turn              (no ring)
MPRegen  0.09/turn              (no ring)
                                (no ring)
                                (no ring)

@: paralysed
A: almost no armour, stealthy swim, amphibious, 8 rings, constrict 8, camouflage
1, gelatinous body 1
a: no special abilities


You were on level 3 of the Dungeon.
You visited 1 branch of the dungeon, and saw 4 of its levels.

You collected 128 gold pieces.

Inventory:

Hand Weapons
 a - a +2 dagger (weapon)
Missiles
 b - 31 poisoned darts (quivered)
 c - 2 curare-tipped darts
Jewellery
 i - an uncursed ring of wizardry {unknown}
 k - an uncursed amulet of the acrobat {unknown}
 o - a +6 ring of intelligence {unknown}
Scrolls
 d - 5 scrolls of remove curse {unknown}
 g - 3 scrolls of identify {unknown}
 j - a scroll of immolation {unknown}
 m - a scroll of amnesia {unknown}
 n - 2 scrolls of teleportation {unknown}
 p - a scroll of enchant weapon {unknown}
Potions
 e - 2 potions of brilliance {unknown}
 f - a potion of heal wounds {unknown}
 h - a potion of ambrosia {unknown}
 l - a potion of resistance {unknown}
 q - a potion of attraction {unknown}


   Skills:
 - Level 2.0 Fighting
 - Level 2.0 Short Blades
 * Level 5.3 Throwing
 - Level 1.0 Dodging
 - Level 5.3 Stealth
 * Level 0.2 Spellcasting


You had 4 spell levels left.
You didn't know any spells.
Your spell library was empty.

Dungeon Overview and Level Annotations

Branches:
Dungeon (4/15)
 Temple: D:4-7

Altars:
Dithmenos
Qazlal
Uskayaw
Yredelemnul

Annotations:
D:3 2 transporters, Diggabert's ghost, novice HOFi; Grinder


Innate Abilities, Weirdness & Mutations

You cannot wear most types of armour.
You are very stealthy in the water. (Stealth+)
You are amphibious.
You can wear up to eight rings at the same time.
You can use your tentacles to constrict eight enemies at once.
Your skin changes colour to match your surroundings (Stealth+).
Your rubbery body absorbs attacks. (AC +1, EV +1)


Message History

You can move again.
Unknown command.
Okay, then.
Okay, then.
Grinder misses you. Grinder gestures at you.
You resist with significant effort. Grinder gestures at you.
You suddenly lose the ability to move!
Grinder gestures at you.
You shrug off the repeated paralysis!
You can move again.
Grinder gestures at you.
You suddenly lose the ability to move!
Grinder hits you!
* * * LOW HITPOINT WARNING * * *
You writhe in agony.
* * * LOW HITPOINT WARNING * * *
Grinder hits you.
You die...

#.# #..###.# #..
#.## ###......#
### #..#
#.....#### # ##.#
#.....# # #.##
#.....# # #..#
#.....# ######
##.# #.....#
#..... #.# #######
#.#### #@# #.# #5#
#.# ####.######
#5# #.........###
#.#
#.#.....#...####.#
#.#.....#.#......#
#.#.....#...######
#.#.##.....##
#.#.......##


You could see Grinder.

Vanquished Creatures
  Terence (D:3)
  Natasha (twice) (D:3)
  2 adders (D:2)
  A worm (D:2)
  3 orcs
  3 giant cockroaches
  2 goblins (D:2)
  3 hobgoblins
  13 jackals
  8 kobolds
  3 quokkas
  3 bats
  4 frilled lizards
  A quokka skeleton (D:4)
  5 rats
  A spectral orc (D:2)
55 creatures vanquished.

Notes
Turn   | Place    | Note
-------+----------+-------------------------------------------
     0 | D:1      | Zeld the Octopode Brigand began the quest for the Orb.
     0 | D:1      | Reached XP level 1. HP: 14/14 MP: 1/1
   228 | D:1      | Reached XP level 2. HP: 19/19 MP: 2/2
   823 | D:2      | Reached XP level 3. HP: 24/24 MP: 3/3
  1261 | D:2      | Found a shadowy altar of Dithmenos.
  1267 | D:2      | Found a stormy altar of Qazlal.
  1408 | D:2      | Found a hide-covered altar of Uskayaw.
  1442 | D:2      | Found a basalt altar of Yredelemnul.
  1536 | D:2      | Reached XP level 4. HP: 21/29 MP: 4/4
  1839 | D:3      | Noticed Natasha
  1843 | D:3      | Killed Natasha
  1862 | D:3      | Noticed Grinder
  1899 | D:3      | Noticed Terence
  1915 | D:3      | Killed Terence
  1916 | D:3      | Reached skill level 5 in Throwing
  1916 | D:3      | Reached XP level 5. HP: 23/34 MP: 5/5
  2073 | D:3      | Noticed Natasha
  2141 | D:3      | Killed Natasha
  2845 | D:3      | Found a transporter.
  2847 | D:3      | Found a transporter.
  2848 | D:3      | Noticed Diggabert's ghost (novice HOFi)
  3193 | D:3      | Found a transporter.
  3210 | D:3      | Found a transporter.
  3576 | D:4      | Noticed an ogre
  3650 | D:3      | Paralysed by Grinder for 7 turns
  3677 | D:3      | Paralysed by Grinder for 4 turns
  3687 | D:3      | Paralysed by Grinder for 5 turns
  3691 | D:3      | Slain by Grinder

Illustrated notes

Levels and vault maps discovered:
D:1:      dpeg_arrival_radiant, layout_loops_ring
D:2:      layout_loops_cross, nicolae_overflow_hidden_temple,
          yredelemnul_forgotten_temple_becter, minitemple
D:3:      layout_loops_cross, gammafunk_ghost_mausoleum, uniq_natasha,
          uniq_grinder, uniq_terence
D:4:      layout_gridville

Skill      XL: |  1  2  3  4 |
---------------+-------------+-----
Throwing       | 3 4 5 |  5.3
Fighting       | |  2.0
Short Blades   | |  2.0
Dodging        | |  1.0
Stealth        | |  5.3
Spellcasting   | |  0.2

Action                   |  1- 3 |  4- 6 || total
-------------------------+-------+-------++-------
Melee: Dagger            |    59 |    43 ||   102
       Constrict         |    14 |    12 ||    26
       Tentacles         |    13 |     8 ||    21
Throw: Dart              |       |     2 ||     2
 Stab: Sleeping          |    14 |     8 ||    22
Armor: Skin              |     2 |     4 ||     6
Dodge: Dodged            |    37 |    27 ||    64
